 Dungeon Crawl Stone Soup version 0.31-a0-662-g684573625c (webtiles) character file.

Game seed: 5323302140350349275

25 senseless the Digger (level 3, 0/19 HPs)
             Began as a Gargoyle Earth Elementalist on Aug 31, 2023.
             Constricted to death by a ball python (1 damage)
             ... on level 2 of the Dungeon.
             The game lasted 00:02:42 (894 turns).

senseless the Digger (Gargoyle Earth Elementalist)   Turns: 894, Time: 00:02:43

Health: 0/19       AC:  5    Str: 11    XL:     3   Next: 6%
Magic:  6/6        EV:  9    Int: 23    God:
Gold:   55         SH:  0    Dex: 10    Spells: 5/6 levels left

rFire   . . .        j - +0 dagger (venom)
rCold   . . .        (no shield)
rNeg    + . .        a - +0 robe
rPois   ∞            (no helmet)
rElec   +            (no cloak)
rCorr   .            (no gloves)
SInv    .            (no boots)
Will    .....        (no amulet)
Stlth   ++           i - +6 ring of intelligence
HPRegen 0.23/turn    (no ring)
MPRegen 0.10/turn

%: no passive effects
@: constricted
A: sickness immunity, AC +3, negative energy resistance 1, electricity
resistance, torment resistance 1, petrification resistance
a: no special abilities


You were on level 2 of the Dungeon.
You visited 1 branch of the dungeon, and saw 2 of its levels.

You collected 55 gold pieces.

Inventory:

Hand Weapons
 j - a +0 dagger of venom (weapon)
Armour
 a - a +0 robe (worn)
Jewellery
 d - an amulet of guardian spirit
 i - a +6 ring of intelligence (left hand)
Scrolls
 c - a scroll of butterflies {unknown}
 g - a scroll of noise {unknown}
 h - a scroll of immolation {unknown}
Potions
 e - a potion of degeneration {unknown}


   Skills:
 + Level 1.9 Dodging
 + Level 2.6 Stealth
 + Level 2.2 Spellcasting
 + Level 1.2 Transmutations
 + Level 3.9 Earth Magic


You had 5 spell levels left.
You knew the following spells:

 Your Spells              Type           Power      Damage    Failure   Level
a - Sandblast             Erth           40%        2d10      2%          1

Your spell library contained the following spells:

 Spells                   Type           Power      Damage    Failure   Level
 Passwall                 Tmut/Erth      11%        N/A       7%          2
 Stone Arrow              Conj/Erth      22%        3d8       17%         3
 Petrify                  Tmut/Erth      14%        N/A       41%         4


Dungeon Overview and Level Annotations

Branches:
Dungeon (2/15)

Altars:


Innate Abilities, Weirdness & Mutations

You are immune to sickness and miasma.
Your stone body is resilient. (AC +3)
You are immune to poison.
You resist negative energy. (rN+)
You are resistant to electric shocks. (rElec)
You are resistant to unholy torment.
You are immune to petrification.


Message History

You have reached level 3!
Your experience leads to an increase in your attributes!
Your base attributes are Str 11, Int 15, Dex 10.
Increase (S)trength, (I)ntelligence, or (D)exterity?
You feel clever. x2
Casting: Sandblast (safe; 2% risk of failure)
Confirm with . or Enter, or press ? or * to list all spells.
Aiming: Sandblast (safe; 2% risk of failure)
Press: ? - help, Shift-Dir - straight line, f - hobgoblin
Aim: a hobgoblin (83% to hit)
The blast of sand misses the hobgoblin.
The hobgoblin shouts!
You hear an angry hiss.
The hobgoblin closely misses you.
You closely miss the hobgoblin.
A ball python comes into view.
The hobgoblin barely misses you.
The ball python hisses angrily.
You hit the hobgoblin.
The hobgoblin is moderately wounded.
The hobgoblin hits you but does no damage.
A ball python comes into view.
The hobgoblin attacks as it pursues you!
The hobgoblin hits you.
* * * LOW HITPOINT WARNING * * *
Things that are here:
a rat corpse; a hobgoblin corpse The hobgoblin attacks as it pursues you!
The hobgoblin closely misses you.
You hit the hobgoblin but do no damage.
The hobgoblin is poisoned.
The hobgoblin closely misses you.
You hit the hobgoblin.
The hobgoblin looks as sick as possible!
The hobgoblin is almost dead.
You kill the hobgoblin!
The ball python barely misses you. The ball python grabs you.
The ball python constricts you.
* * * LOW HITPOINT WARNING * * *
Magic courses through your body. The ball python completely misses you.
The ball python constricts you.
You die...

#..###..##.#...#..r.
#.....##.....##..
###.............
#..........#.##
#..####......### #
#.. #..#...S.###.#
....
#..###.......###
.##.#
##..####...†....# ..
#....@Sg).#.#....
....#####r#....?##.
.##. ..(........ .[
..#####(.#... #..
#|# .. ... ... . .#.
#. #.#


You could see a hobgoblin, a ball python and a rat.

Vanquished Creatures
  A dart slug (D:1)
  2 bats
  An endoplasm (D:1)
  A giant cockroach (D:2)
  4 hobgoblins
  3 quokkas
  A ball python (D:1)
  A goblin (D:1)
  6 kobolds
  A rat (D:2)
21 creatures vanquished.

Notes
Turn   | Place    | Note
-------+----------+-------------------------------------------
     0 | D:1      | senseless the Gargoyle Earth Elementalist began the quest
                  | for the Orb.
     0 | D:1      | Reached XP level 1. HP: 10/10 MP: 3/3
   322 | D:1      | Reached skill level 1 in Transmutations
   322 | D:1      | Reached XP level 2. HP: 15/15 MP: 3/5
   886 | D:2      | Reached XP level 3. HP: 4/19 MP: 1/6
   894 | D:2      | Constricted to death by a ball python

Illustrated notes

Levels and vault maps discovered:
D:1:      minmay_arrival_three_doors, layout_loops_ring
D:2:      layout_rooms, minmay_misc_feat_cross, minmay_domino_4

Skill      XL: |  1 |
---------------+----+-----
Transmutations | 1 |  1.2
Dodging        | |  1.9
Stealth        | |  2.6
Spellcasting   | |  2.2
Earth Magic    | |  3.9

Action                     || total
---------------------------++-------
  Melee: Dagger            ||    12
   Cast: Sandblast         ||    22
    Use: Potion            ||     1
   Stab: Sleeping          ||     1
 Armour: Robe              ||    13
  Dodge: Dodged            ||    15

Table legend: (Time is in decaauts)
 A = Elapsed time spent in this place.
 B = Non-inter-level travel time spent in this place.
 C = Inter-level travel time spent in this place.
 D = Time resting spent in this place.
 E = Time spent auto-exploring this place.
 F = Levels seen in this place.
 G = Mean time per level.
                   A        B        C        D        E       F      G
               +--------+--------+--------+--------+--------+-----+--------+
         Total |    903 |    894 |      9 |      0 |    749 |   2 |  451.5 |
       Dungeon |    903 |    894 |      9 |      0 |    749 |   2 |  451.5 |
               +--------+--------+--------+--------+--------+-----+--------+

Top non-repeatable levels by time:
     D:1: 791 daAuts
     D:2: 112 daAuts
